 Dungeon Crawl Stone Soup version 0.31-a0-8-gd14b0f4ee2 (webtiles) character file.

Game seed: 11114476126525327922

2 Morbidden the Conjurer (level 1, 3/9 HPs)
             Began as a Vine Stalker Conjurer on May 7, 2023.
             Quit the game on level 1 of the Dungeon.
             The game lasted 00:00:16 (161 turns).

Morbidden the Conjurer (Vine Stalker Conjurer)       Turns: 161, Time: 00:00:16

Health: 3/9        AC:  2    Str:  9    XL:     1   Next: 40%
Magic:  0/4        EV: 12    Int: 18    God:
Gold:   9          SH:  0    Dex: 12    Spells: 3/4 levels left

rFire   . . .        (no weapon)
rCold   . . .        (no shield)
rNeg    . . .        a - +0 robe
rPois   .            (no helmet)
rElec   .            (no cloak)
rCorr   .            (no gloves)
SInv    .            (no boots)
Will    .....        (no amulet)
Stlth   ++           (no ring)
HPRegen 0.21/turn    (no ring)
MPRegen 0.09/turn

%: guardian spirit
@: no status effects
A: fangs 2, magic shield, antimagic bite, no potion heal 2
a: no special abilities


You were on level 1 of the Dungeon.
You visited 1 branch of the dungeon, and saw 1 of its levels.

You collected 9 gold pieces.

Inventory:

Armour
 a - a +0 robe (worn)
Scrolls
 c - a scroll of teleportation {unknown}
 d - a scroll of butterflies {unknown}
Potions
 b - a potion of magic


   Skills:
 * Level 1.5 Dodging
 + Level 2.4 Stealth
 * Level 2.1 Spellcasting
 * Level 4.1 Conjurations


You had 3 spell levels left.
You knew the following spells:

 Your Spells              Type           Power      Damage    Failure   Level
a - Magic Dart            Conj           64%        1d6       3%          1

Your spell library contained the following spells:

 Spells                   Type           Power      Damage    Failure   Level
 Searing Ray              Conj           32%        2d5       4%          2
 Dazzling Flash           Conj/Hex       18%        N/A       22%         3
 Fulminant Prism          Conj/Hex       4%         3d5       58%         4
 Iskenderun's Mystic Bla  Conj/Tloc      9%         2d4       58%         4


Dungeon Overview and Level Annotations

Branches:
Dungeon (1/15)

Altars:


Innate Abilities, Weirdness & Mutations

You have extremely sharp teeth.
When hurt, damage is shared between your health and your magic reserves.
Your bite disrupts and absorbs the magic of your enemies.
Potions cannot restore your health.


Message History

You closely miss the hobgoblin.
You bite the hobgoblin, but do no damage.
The hobgoblin is moderately wounded.
The hobgoblin hits you but does no damage.
Unknown command.
Casting: Magic Dart (safe; 3% risk of failure)
Confirm with . or Enter, or press ? or * to list all spells.
Aiming: Magic Dart (safe; 3% risk of failure)
Press: ? - help, Shift-Dir - straight line, f/p - hobgoblin
Aim: a hobgoblin (moderately wounded, 100% to hit)
The magic dart hits the hobgoblin.
The hobgoblin is heavily wounded.
The hobgoblin hits you.
* * * LOW HITPOINT WARNING * * *
Unknown command.
Unknown command.
You are too injured to fight recklessly!
You hit the hobgoblin but do no damage.
The hobgoblin is heavily wounded.
The hobgoblin hits you but does no damage.
You closely miss the hobgoblin.
The hobgoblin is heavily wounded.
The hobgoblin barely misses you.
You hit the hobgoblin but do no damage. Your bite misses the hobgoblin.
The hobgoblin is heavily wounded.
The hobgoblin closely misses you.
You closely miss the hobgoblin. Your bite misses the hobgoblin.
The hobgoblin is heavily wounded.
The hobgoblin closely misses you.
You hit the hobgoblin but do no damage. You bite the hobgoblin.
You kill the hobgoblin!
Unknown command.
Casting: Magic Dart (safe; 3% risk of failure)
Confirm with . or Enter, or press ? or * to list all spells.
You don't have enough magic to cast this spell.
Unknown command.
Unknown command.
Are you sure you want to abandon this character and quit the game? (Confirm with "yes".)
Okay, then.
Are you sure you want to abandon this character and quit the game? (Confirm with "yes".)

#.# #......... ## #.#
######..####### .###
#.....[.# ....
#.####.###### .###
#.#........... ..
.########.#.##.#######
..# ........#!#.##...
... ..........#.######
..# .?.....@.†..#
#######.##### . #.# .
#.# . ..# . ### #


There were no monsters in sight!

Vanquished Creatures
  A hobgoblin (D:1)
  A bat (D:1)
  A kobold (D:1)
3 creatures vanquished.

Notes
Turn   | Place    | Note
-------+----------+-------------------------------------------
     0 | D:1      | Morbidden the Vine Stalker Conjurer began the quest for the
                  | Orb.
     0 | D:1      | Reached XP level 1. HP: 9/9 MP: 4/4
   161 | D:1      | Quit the game

Illustrated notes

Levels and vault maps discovered:
D:1:      wander_arrival_desolate, layout_loops_ring,
          shapermc_ecumenical_altar_hornbeckon

Action                     || total
---------------------------++-------
  Melee: Unarmed           ||    11
         Bite              ||     2
   Cast: Magic Dart        ||     9
 Armour: Robe              ||     2
  Dodge: Dodged            ||     6

Table legend: (Time is in decaauts)
 A = Elapsed time spent in this place.
 B = Non-inter-level travel time spent in this place.
 C = Inter-level travel time spent in this place.
 D = Time resting spent in this place.
 E = Time spent auto-exploring this place.
 F = Levels seen in this place.
 G = Mean time per level.
                   A        B        C        D        E       F      G
               +--------+--------+--------+--------+--------+-----+--------+
         Total |    161 |    161 |      0 |      0 |    132 |   1 |  161.0 |
       Dungeon |    161 |    161 |      0 |      0 |    132 |   1 |  161.0 |
               +--------+--------+--------+--------+--------+-----+--------+

Top non-repeatable levels by time:
     D:1: 161 daAuts
